 Dungeon Crawl Stone Soup version 0.21-a0-39-g28ea6b7 (webtiles) character file.

1659 TheGoonsmith the Cudgeler (level 9, 0/48 HPs)
             Began as a Vine Stalker Fighter on May 31, 2017.
             Was an Initiate of Makhleb.
             Slain by a troll (4 damage)
             ... on level 6 of the Dungeon.
             The game lasted 00:11:53 (5211 turns).

TheGoonsmith the Cudgeler (Vine Stalker Fighter)    Turns: 5211, Time: 00:11:54

Health: 0/48       AC: 16    Str: 22    XL:     9   Next: 0%
Magic:  0/10       EV:  6    Int:  8    God:    Makhleb [......]
Gold:   413        SH: 11    Dex: 16    Spells: 8/8 levels left

rFire    + . .     SeeInvis .   a - +1 flail
rCold    . . .     Gourm    .   c - +0 shield
rNeg     + . .     Faith    .   h - +0 chain mail (curse)
rPois    .         Spirit   +   q - +1 helmet
rElec    +         Reflect  .   o - +2 cloak
rCorr    .         Harm     .   r - +1 pair of gloves
MR       +....                  (no boots)
Stlth    ..........             (no amulet)
Regen    0.6/turn               m - ring of positive energy
MPRegen  0.2/turn               A - ring of protection from fire

@: no status effects
A: fangs 3, agile 1, regeneration 1, electricity resistance, magic shield,
antimagic bite, no potion heal 3, rot immunity, sturdy frame 1
a: Renounce Religion


You were on level 6 of the Dungeon.
You worshipped Makhleb.
Makhleb was noncommittal.
You were hungry.

You visited 2 branches of the dungeon, and saw 7 of its levels.
You also visited: Ossuary.

You collected 413 gold pieces.

Inventory:

Hand Weapons
 a - a +1 flail (weapon)
Missiles
 t - a throwing net (quivered)
Armour
 b - a +0 scale mail
 c - a +0 shield (worn)
 h - a cursed +0 chain mail (worn)
 o - a +2 cloak (worn)
 q - a +1 helmet (worn)
 r - a +1 pair of gloves (worn)
Jewellery
 m - a ring of positive energy (left hand)
 v - a cursed ring of loudness {unknown}
 y - an uncursed ring of flight
 A - a ring of protection from fire (right hand)
Wands
 u - a wand of digging (13/24)
Scrolls
 g - a scroll of torment
 i - 8 scrolls of remove curse
 k - 3 scrolls of magic mapping
 z - a scroll of fog
 B - a scroll of enchant armour
 E - a scroll of identify
Potions
 d - a potion of heal wounds {unknown}
 e - 5 potions of curing
 j - a potion of mutation
 n - 3 potions of lignification
 w - a potion of flight {unknown}
 x - a potion of ambrosia
 C - a potion of brilliance {unknown}
Comestibles
 f - 7 bread rations
 l - 2 royal jellies
 p - 6 meat rations
 D - 3 chunks of flesh


   Skills:
 + Level 5.7 Fighting
 * Level 7.4 Maces & Flails
 - Level 2.4 Armour
 + Level 5.6 Shields


You had 8 spell levels left.
You didn't know any spells.

Dungeon Overview and Level Annotations

Branches:
Dungeon (6/15)             Temple (1/1) D:5

Altars:
Ashenzari
Cheibriados
Dithmenos
Elyvilon
Fedhas
Gozag
Hepliaklqana
Makhleb
Nemelex Xobeh
Okawaru
Qazlal
Ru
Sif Muna
Trog
Uskayaw
Vehumet
Wu Jian
Xom
The Shining One

Shops:
D:4 *

Annotations:
D:4 exclusion: statue


Innate Abilities, Weirdness & Mutations

You have razor-sharp teeth.
Your natural rate of healing is unusually fast.
When hurt, damage is shared between your health and your magic reserves.
Your bite disrupts and absorbs the magic of your enemies.
Potions cannot restore your health.
You are immune to rotting.
You are agile. (Dex +2)
You are resistant to electric shocks. (rElec)
Your movements are slightly less encumbered by armour. (ER -2)


Message History

It was a potion of ambrosia.
You are confused.
Your system rejects the healing.
You feel invigorated.
You're too confused to move!
Found a hide-covered altar of Uskayaw.
You sock the troll! Your bite misses the troll.
The troll is moderately wounded.
The troll bites you but does no damage. The troll claws you!
* * * LOW HITPOINT WARNING * * *
The troll claws you.
* * * LOW HITPOINT WARNING * * *
The troll bites you but does no damage. The troll barely misses you.
The troll claws you but does no damage.
Your shield and chain mail prevent you from hitting the troll.
Your bite misses the troll.
The troll is moderately wounded.
You feel less invigorated.
You feel less confused. The troll bites you!
You die...

..................))...#
......T...........)....#
............##8..8##...#
............#_.....#...# ...
............###..###...##### ..#
..######....#.....##'###...##..##
..# #....###..###.............
..# #....#.....##.............
..# #....###T@###.............
>.# #....#_.....#.............
..# #....###..###.............
..# #....# .....##'#####'#####
..# #....##.##⌠##...........# ###
#############...........# .#
#.................# .#
#.................# .#
#.................##


You could see a troll.

Vanquished Creatures
  The ghost of TheGoonsmith the Cudgeler, an amateur VSBe of Trog (D:4)
  A sky beast (D:5)
  3 ogres
  Blork the orc (D:4)
  A scorpion (D:5)
  A howler monkey (D:5)
  A crimson imp (D:6)
  A human zombie (Ossuary)
  A jelly (D:6)
  5 orc priests
  2 hounds
  6 orc wizards
  Jessica (D:3)
  2 iguanas
  2 worker ants
  A big kobold zombie (Ossuary)
  A hound zombie (Ossuary)
  3 hound skeletons
  4 mummies (Ossuary)
  Robin (D:2)
  7 gnolls
  5 adders
  A shadow imp (D:6)
  An adder zombie (D:5)
  2 worms
  3 dart slugs
  5 leopard geckos
  18 orcs
  4 ball pythons
  6 giant cockroaches
  19 goblins
  6 hobgoblins
  12 jackals
  14 kobolds
  2 quokkas (D:2)
  3 bats
  9 frilled lizards
  2 gnoll zombies (Ossuary)
  A goblin zombie (Ossuary)
  3 hobgoblin zombies (Ossuary)
  2 jackal zombies (Ossuary)
  5 rats
  A rat zombie (Ossuary)
170 creatures vanquished.

Notes
Turn   | Place    | Note
-------+----------+-------------------------------------------
     0 | D:1      | TheGoonsmith the Vine Stalker Fighter began the quest for the Orb.
     0 | D:1      | Reached XP level 1. HP: 11/11 MP: 2/2
   234 | D:1      | Reached skill level 2 in Maces & Flails
   238 | D:1      | Reached XP level 2. HP: 10/16 MP: 3/3
   788 | D:2      | Reached XP level 3. HP: 19/19 MP: 4/4
   821 | D:2      | Noticed Robin
  1323 | D:2      | Killed Robin
  1417 | D:2      | Gained mutation: Your natural rate of healing is unusually fast. [Vine Stalker growth]
  1417 | D:2      | Reached XP level 4. HP: 21/24 MP: 5/5
  1552 | D:2      | Reached skill level 3 in Maces & Flails
  1636 | D:2      | Reached XP level 5. HP: 14/28 MP: 2/6
  2060 | D:3      | Noticed Jessica
  2068 | D:3      | Killed Jessica
  2090 | D:3      | Found a shattered altar of Ashenzari.
  2736 | D:4      | Reached skill level 4 in Maces & Flails
  2736 | D:4      | Reached XP level 6. HP: 7/33 MP: 7/7
  2769 | D:4      | Found a sand-covered staircase.
  2790 | Ossuary  | Entered an ossuary
  3208 | D:4      | Noticed Blork the orc
  3216 | D:4      | Killed Blork the orc
  3216 | D:4      | Reached XP level 7. HP: 30/37 MP: 5/8
  3257 | D:4      | Found a radiant altar of Vehumet.
  3269 | D:4      | Found Dason's Desiderata Depot.
  3275 | D:4      | Reached skill level 5 in Maces & Flails
  3294 | D:4      | Noticed TheGoonsmith's ghost (amateur VSBe)
  3316 | D:4      | Killed TheGoonsmith's ghost
  3359 | D:4      | Found a blossoming altar of Fedhas.
  3562 | D:4      | Gained mutation: You have razor-sharp teeth. [Vine Stalker growth]
  3562 | D:4      | Reached XP level 8. HP: 29/42 MP: 5/9
  3680 | D:4      | Reached skill level 6 in Maces & Flails
  3798 | D:4      | Reached skill level 5 in Fighting
  4008 | D:4      | Reached skill level 5 in Shields
  4055 | D:5      | Entered Level 5 of the Dungeon
  4455 | D:5      | Found a staircase to the Ecumenical Temple.
  4467 | Temple   | Entered the Ecumenical Temple
  4524 | Temple   | Became a worshipper of Makhleb the Destroyer
  4825 | D:6      | Reached skill level 7 in Maces & Flails
  5037 | D:6      | Found an ornate altar of the Wu Jian Council.
  5084 | D:6      | Noticed a troll
  5190 | D:6      | Gained mutation: You are resistant to electric shocks. (rElec) [potion of mutation]
  5190 | D:6      | Gained mutation: You are agile. (Dex +2) [potion of mutation]
  5190 | D:6      | Gained mutation: Your movements are slightly less encumbered by armour. (ER -2) [potion of mutation]
  5194 | D:6      | Reached XP level 9. HP: 12/48 MP: 10/10
  5195 | D:6      | HP: 1/48 [orc warrior/glaive (6)]
  5207 | D:6      | Found a hide-covered altar of Uskayaw.
  5211 | D:6      | Slain by a troll

Vault maps used:
D:1:      dpeg_arrival_arbitrary_b
D:2:      uniq_robin
D:3:      ashenzari_altar_1, uniq_jessica
D:4:      fedhas_altar_1, vehumet_statue, enter_ossuary_1, minivault_1,
          minmay_crystal_room, nicolae_alphabet_shops, minmay_misc_feat_encased,
          uniq_blork_the_orc
D:5:      minmay_temple_entry_glass, first_bread
D:6:      minitemple
Temple:   eino_temple_water
Ossuary:  ossuary_minmay_tomb_2a

Skill      XL: |  1  2  3  4  5  6  7  8 |
---------------+-------------------------+-----
Maces & Flails | 2 3 4 5 7 |  7.4
Shields        | 3 4 5 |  5.6
Fighting       | 3 4 5 |  5.7
Armour         | |  2.4

Action                   |  1- 3 |  4- 6 |  7- 9 || total
-------------------------+-------+-------+-------++-------
Melee: Flail             |   103 |   199 |   261 ||   563
       Bite              |    19 |    63 |    80 ||   162
  Use: Scroll            |       |     7 |     8 ||    15
       Potion            |       |     2 |     7 ||     9
  Eat: Chunk             |     2 |     6 |     6 ||    14
Armor: Scale mail        |    58 |    58 |       ||   116
       Chain mail        |       |   131 |   137 ||   268
       Skin              |       |       |     4 ||     4
Dodge: Dodged            |    24 |    84 |    46 ||   154
Block: Shield            |    59 |   176 |   148 ||   383
